 Dungeon Sprint DCSS version 0.30.0-29-ga12c61a403 (webtiles) character file.

Game seed: 4573005276761754005

5 boopmooplesden the Twirler (level 1, -7/34 HPs)
             Began as an Ogre Gladiator on June 21, 2023.
             Mangled by an ice beast (11 damage)
             ... in the Dungeon (Sprint IX: "|||||||||||||||||||||||||||||").
             The game lasted 00:00:09 (37 turns).

boopmooplesden the Twirler (Ogre Gladiator)           Turns: 37, Time: 00:00:09

Health: -7/34      AC:  3    Str: 17    XL:     1   Next: 80%
Magic:  1/1        EV: 10    Int:  9    God:
Gold:   0          SH:  0    Dex: 10    Spells: 0/0 levels left

rFire   . . .        a - +0 quarterstaff
rCold   . . .        (shield currently unavailable)
rNeg    . . .        b - +0 robe
rPois   .            c - +0 hat
rElec   .            (no cloak)
rCorr   .            (gloves unavailable)
SInv    .            (boots unavailable)
Will    .....        (no amulet) Stlth
                     (no ring)
HPRegen 0.25/turn    (no ring)
MPRegen 0.07/turn

%: no teleportation
@: berserking, very quick
A: large, unfitting armour, tough skin 1
a: no special abilities


You were in the Dungeon.
You visited 1 branch

Inventory:

Hand Weapons
 a - a +0 quarterstaff (weapon)
Missiles
 d - 3 throwing nets (quivered)
 e - a large rock
Armour
 b - a +0 robe (worn)
 c - a +0 hat (worn)
Scrolls
 k - a scroll of blinking
Potions
 f - a potion of curing
 g - a potion of heal wounds
 h - a potion of haste
 i - 2 potions of magic


   Skills:
 + Level 3.1 Fighting
 + Level 3.7 Staves
 + Level 2.2 Throwing
 + Level 3.3 Dodging


You couldn't memorise any spells.
You didn't know any spells.
Your spell library was empty.

Dungeon Overview and Level Annotations

Branches:
Dungeon (1/1)

Altars:


Innate Abilities, Weirdness & Mutations

You are too large for most types of armour.
You have tough skin. (AC +1)


Message History

You hit the kobold.
You kill the kobold!
The bat hits you.
Your Dodging skill increases to level 3!
You barely miss the bat. The bat hits you but does no damage. x3
You barely miss the bat. The bat hits you but does no damage. x2
You closely miss the bat. The bat hits you but does no damage.
You closely miss the bat. The bat hits you but does no damage.
The bat hits you.
You barely miss the bat. The bat hits you but does no damage.
The bat barely misses you.
You barely miss the bat. The bat hits you but does no damage. x2
You hit the bat.
You kill the bat!
Your Fighting skill increases to level 3!
The dart slug launches a dart at you. The slug dart hits you.
Items here: ) †††.
You sock the dart slug!
You kill the dart slug!
You see here a dart slug corpse.
You start resting.
HP restored.
As you open the door, it creaks loudly!
A black bear, an adder, 2 orcs and an ice beast come into view.
The orc shouts!
The black bear growls angrily.
The orc shouts!
A red film seems to cover your vision as you go berserk!
You feel yourself moving faster!
You feel mighty!
The adder hisses angrily.
The ice beast hits you. The ice beast freezes you!
You sock the ice beast!
The ice beast is moderately wounded.
The ice beast hits you. The ice beast freezes you!
* * * LOW HITPOINT WARNING * * *
You sock the ice beast!
The ice beast is severely wounded.
The ice beast hits you.
* * * LOW HITPOINT WARNING * * *
The ice beast freezes you!
You die...

▓+▓
▓.▓
▓o▓
▓h▓
▓S▓
▓o▓
▓Y▓
▓@▓
▓.▓
▓†▓
▓)▓
▓†▓
▓'▓
▓.▓
▓.▓
▓.▓


You could see a black bear, an ice beast, an adder and 2 orcs.

Vanquished Creatures
  A dart slug (D)
  2 bats (D)
  A kobold (D)
  A rat (D)
5 creatures vanquished.

Notes
Turn   | Place    | Note
-------+----------+-------------------------------------------
     0 | D        | boopmooplesden the Ogre Gladiator began the quest for the
                  | Orb.
     0 | D        | Reached XP level 1. HP: 22/22 MP: 1/1
    34 | D        | Noticed a black bear
    34 | D        | Noticed an ice beast
    37 | D        | Mangled by an ice beast

Illustrated notes

Levels and vault maps discovered:
D:        linesprint [early_d, line_temple, items_1, d_10, items_2, lair_1,
          lair_end, items_3, orc_1, orc_end, items_4, d_15, swamp_1, shoals_1,
          snake_1, spider_1, d_20, vaults_1, items_5, swamp_end, shoals_end,
          snake_end, spider_end, vaults_end, d_27, items_6, zot_1, zot_end,
          crypt_end, forest_end, elf_end, slime_end, tomb_end, abyss_end,
          pan_hell_end]

Skill      XL: |  1 |
---------------+----+-----
Dodging        | 3 |  3.3
Fighting       | 3 |  3.1
Staves         | |  3.7
Throwing       | |  2.2

Action                     || total
---------------------------++-------
  Melee: Quarterstaff      ||    15
    Use: Potion            ||     1
 Armour: Robe              ||    12
  Dodge: Dodged            ||     3
